 Dungeon Crawl Stone Soup version 0.29.1-12-g30fa7ad0bf (webtiles) character file.

Game seed: 5610466457061156838

5905 Descartes the Blocker (level 11, -7/75 HPs)
             Began as a Formicid Fighter on Dec 17, 2022.
             Mangled by a slime creature (19 damage)
             ... on level 7 of the Dungeon.
             The game lasted 00:16:30 (9810 turns).

Descartes the Blocker (Formicid Fighter)            Turns: 9810, Time: 00:16:30

Health: -7/75      AC:  6    Str: 22    XL:     11   Next: 8%
Magic:  11/11      EV: 14    Int: 11    God:
Gold:   427        SH: 12    Dex: 13    Spells: 7/10 levels left

rFire   + . .      SeeInvis +   w - +7 flail of a wizard's laboratory {venom, rElec rC- Will+}
rCold   x . .      Faith    .   c - +0 buckler
rNeg    . . .      Spirit   .   z - +1 leather armour of Defence {rF+ Regen+}
rPois   .          Reflect  +   (helmet unavailable)
rElec   +          Harm     .   (no cloak)
rCorr   .          Rampage  .   J - +0 pair of gloves
Will    ++...                   (no boots)
Stlth   +.........              K - amulet of reflection
HPRegen 1.02/turn               p - +4 ring of evasion
MPRegen 0.12/turn               (no ring)

@: no status effects
A: permanent stasis, dig shafts and tunnels, antennae 3, four strong arms
a: Dig, Shaft Self


You were on level 7 of the Dungeon.
You visited 2 branches of the dungeon, and saw 8 of its levels.

You collected 427 gold pieces.

Inventory:

Hand Weapons
 a - a +0 war axe
 d - a +0 trident of protection
 l - a +0 rapier of draining
 w - the +7 flail of a wizard's laboratory (weapon) {venom, rElec rC- Will+}
   (You found it on level 4 of the Dungeon)

   It poisons the flesh of those it strikes.
   rC:        It makes you vulnerable to cold.
   rElec:     It insulates you from electricity.
   Will:      It increases your willpower.
 C - the +7 lajatang "Ryn Gazo" {venom, MP+9 Int+7 Dex-3 Stlth-}
   (You found it on level 5 of the Dungeon)

   It poisons the flesh of those it strikes.
   Int:       It affects your intelligence (+7).
   Dex:       It affects your dexterity (-3).
   MP:        It affects your magic capacity (+9).
   Stlth:     It makes you less stealthy.
 E - a +4 morningstar
 G - a +5 flail
 M - a +0 battleaxe
 P - a +0 antimagic flail
Missiles
 e - 13 poisoned darts
 L - a curare-tipped dart
 N - 5 boomerangs
Armour
 b - a +0 scale mail
 c - a +0 buckler (worn)
 z - the +1 leather armour of Defence (worn) {rF+ Regen+}
   (You took it off a gnoll on level 5 of the Dungeon)

   rF:        It protects you from fire.
   Regen:     It increases your rate of health regeneration.
 J - a +0 pair of gloves (worn)
 R - a +2 leather armour of fire resistance
Jewellery
 p - a +4 ring of evasion (left hand)
 q - an amulet of the acrobat
 K - an amulet of reflection (around neck)
Wands
 B - a wand of paralysis (4)
 D - a wand of roots (9)
 Q - a wand of light (5)
Scrolls
 f - 5 scrolls of identify {unknown}
 g - 4 scrolls of fear {unknown}
 h - a scroll of immolation {unknown}
 i - 2 scrolls of amnesia {unknown}
 m - a scroll of enchant armour {unknown}
 t - a scroll of silence {unknown}
 u - 2 scrolls of enchant weapon {unknown}
 y - a scroll of poison {unknown}
 A - 2 scrolls of teleportation {unknown}
 F - a scroll of blinking {unknown}
 I - 2 scrolls of fog {unknown}
 O - a scroll of torment {unknown}
Potions
 j - a potion of flight
 k - 3 potions of haste {unknown}
 n - 2 potions of curing {unknown}
 o - a potion of heal wounds {unknown}
 r - a potion of mutation {unknown}
 s - a potion of lignification {unknown}
 v - 3 potions of berserk rage {unknown}
 x - 2 potions of attraction {unknown}
 H - 2 potions of cancellation {unknown}


   Skills:
 - Level 3.2 Fighting
 - Level 4.9(6.7) Axes
 + Level 7.1(7.8) Maces & Flails
 + Level 9.8 Armour
 + Level 11.6 Shields
 + Level 4.7 Fire Magic
 - Level 5.0 Poison Magic


You had 7 spell levels left.
You knew the following spells:

 Your Spells              Type           Power      Damage    Failure   Level
a - Ignite Poison         Fire/Tmut/Pois 7%         N/A       34%         3

Your spell library contained the following spells:

 Spells                   Type           Power      Damage    Failure   Level
 Foxfire                  Conj/Fire      20%        2x1d5     17%         1
 Poisonous Vapours        Pois/Air       10%        N/A       24%         2
 Apportation              Tloc           0%         N/A       41%         1
 Necrotise                Necr           0%         1d4       41%         1
 Sandblast                Erth           0%         2d4       41%         1
 Summon Small Mammal      Summ           0%         N/A       41%         1
 Ensorcelled Hibernation  Hex/Ice        0%         N/A       56%         2
 Passwall                 Tmut/Erth      0%         N/A       56%         2
 Sublimation of Blood     Necr           0%         N/A       56%         2
 Mephitic Cloud           Conj/Pois/Air  3%         N/A       56%         3
 Call Canine Familiar     Summ           0%         N/A       80%         3
 Portal Projectile        Hex/Tloc       0%         N/A       80%         3
 Stone Arrow              Conj/Erth      0%         3d7       80%         3
 Leda's Liquefaction      Hex/Erth       0%         N/A       99%         4
 Petrify                  Tmut/Erth      0%         N/A       99%         4
 Freezing Cloud           Conj/Ice/Air   0%         6-21      100%        5
 Irradiate                Conj/Tmut      0%         3d11      100%        5
 Conjure Ball Lightning   Conj/Air       0%         3x3d6     100%        6


Dungeon Overview and Level Annotations

Branches:
Dungeon (7/15)             Temple (1/1) D:5

Altars:
Ashenzari
Cheibriados
Dithmenos
Elyvilon
Fedhas
Hepliaklqana
Kikubaaqudgha
Makhleb
Nemelex Xobeh
Okawaru
Qazlal
Sif Muna
Trog
Uskayaw
Vehumet
Wu Jian
Xom
Yredelemnul
The Shining One

Shops:
D:1 :   D:6 =   D:7 ?

Annotations:
D:5 2 transporters, Descartes's ghost, novice TrWr


Innate Abilities, Weirdness & Mutations

You cannot be hasted, slowed, berserked, paralysed or teleported.
You can dig through walls and to a lower floor.
You have a pair of large antennae on your head. (SInv)
Your four strong arms can wield two-handed weapons with a shield.


Message History

You sock the wraith!
The wraith is almost destroyed.
The wraith hits you but does no damage.
You hit the wraith.
The wraith is almost destroyed.
The wraith hits you! The wraith drains your vigour!
Your stasis prevents you from being slowed.
You sock the wraith!
You destroy the wraith!
No target in view!
You see here 7 stones.
An orc warrior comes into view.
It is wielding a +2 great sword of holy wrath and wearing a +2 plate armour of fire resistance.
A slime creature comes into view.
The slime creature quivers.
You sock the orc warrior!
The orc warrior is poisoned.
The orc warrior is moderately wounded.
The orc warrior hits you with a +2 great sword of holy wrath.
You hit the orc warrior but do no damage.
The orc warrior looks as sick as possible!
The orc warrior is moderately wounded.
The orc warrior hits you with a +2 great sword of holy wrath!!
You completely miss the orc warrior.
The orc warrior is heavily wounded.
The orc warrior hits you with a +2 great sword of holy wrath!!
You are too injured to fight recklessly!
The orc warrior attacks as you move away!
You block the orc warrior's attack. You block the slime creature's attack.
The orc warrior attacks as you move away!
The orc warrior hits you with a +2 great sword of holy wrath!!
* * * LOW HITPOINT WARNING * * *
The orc warrior unwields a +2 great sword of holy wrath.
It stops glowing.
The orc warrior wields a +0 sling of flaming.
It bursts into flame!
The orc warrior shoots a sling bullet.
The sling bullet hits you.
* * * LOW HITPOINT WARNING * * *
You see here 7 stones.
The slime creature attacks as you move away!
The slime creature hits you!!
You die...

.#.#.#.#.# #.###.#...#.#.#...
.#.#..#..## #.....#..#.#.#...#
##.#.#.#†#.# #.###.#...#.#...##
...#.#.#.##.# #.#...#..#.#...##.
.#.###.### #.# ###.###...#...##.^
...#.#...# ..##.....#..#.#.##...
...#...#.# #?##.##.#...#..#^..#
.#.#.#...# #oJ##.###..#...##.'#
.#.#...#.# #...#@##.##.......###.
.#.#.#...##....#.....#..#........
##.###)###############.......#...
#......................#.....#.#
#######..####..######.......#.#.
#..................#......#.#.#
###.###..###########.#......#####
#...# #......# #####........#
#.### ##.###.# #....∩.......#


You could see a slime creature and an orc warrior (extremely poisoned).

Vanquished Creatures
  2 two-headed ogres (D:6)
  An ugly thing (D:7)
  A gargoyle (D:7)
  A troll (D:7)
  A wraith (D:7)
  A wyvern (D:7)
  Menkaure (D:6)
  Duvessa (D:7)
  A water moccasin (D:7)
  An ice beast (D:6)
  4 orc warriors
  A sky beast (D:7)
  A black bear (D:6)
  An ogre (D:5)
  A centaur (D:7)
  A phantom (D:6)
  A kobold brigand (D:7)
  3 necrophages
  A bullfrog (D:7)
  2 gnoll sergeants
  2 scorpions
  9 wights
  Dowan (D:7)
  A killer bee (D:7)
  4 howler monkeys
  A crimson imp (D:6)
  2 orc priests
  6 hounds
  4 jellies
  4 iguanas
  8 orc wizards
  Natasha (thrice) (D:3)
  9 adders
  6 gnolls
  2 shadow imps
  A white imp (D:5)
  4 ufetubi
  4 worms
  A dart slug (D:4)
  19 orcs
  3 ball pythons
  3 bats (D:1)
  6 endoplasms
  4 goblins
  6 hobgoblins
  2 quokkas (D:3)
  A frilled lizard (D:3)
  10 kobolds
  7 rats
160 creatures vanquished.

Notes
Turn   | Place    | Note
-------+----------+-------------------------------------------
     0 | D:1      | Descartes the Formicid Fighter began the quest for the Orb.
     0 | D:1      | Reached XP level 1. HP: 18/18 MP: 1/1
   147 | D:1      | Reached XP level 2. HP: 24/24 MP: 2/2
   202 | D:1      | Found Hoczoime's Book Shop.
   562 | D:1      | Reached XP level 3. HP: 29/29 MP: 3/3
  1211 | D:2      | Reached XP level 4. HP: 18/35 MP: 4/4
  1472 | D:2      | Found a faded altar of an unknown god.
  1575 | D:2      | Reached skill level 5 in Shields
  1839 | D:3      | Found a radiant altar of Vehumet.
  2628 | D:4      | Noticed Natasha
  2633 | D:4      | Reached XP level 5. HP: 41/41 MP: 5/5
  2651 | D:3      | Killed Natasha
  2901 | D:3      | Found a radiant altar of Vehumet.
  2939 | D:3      | Noticed Natasha
  2948 | D:3      | Killed Natasha
  3641 | D:3      | Found a radiant altar of Vehumet.
  3685 | D:3      | Noticed Natasha
  3696 | D:3      | Killed Natasha
  4313 | D:4      | Reached XP level 6. HP: 35/47 MP: 6/6
  4325 | D:4      | Reached skill level 5 in Armour
  4325 | D:4      | Reached skill level 6 in Shields
  4933 | D:4      | Reached XP level 7. HP: 9/52 MP: 7/7
  5544 | D:4      | Identified the +7 flail of a wizard's laboratory {venom,
                  | rElec rC- Will+}
  5618 | D:4      | Found a shadowy altar of Dithmenos.
  5829 | D:5      | Entered Level 5 of the Dungeon
  5836 | D:5      | Reached skill level 7 in Shields
  5842 | D:5      | Reached skill level 1 in Maces & Flails
  5856 | D:5      | Identified the +1 leather armour of Defence {rF+ Regen+}
  5864 | D:5      | Reached XP level 8. HP: 11/58 MP: 8/8
  6371 | D:5      | Found a blossoming altar of Fedhas.
  6399 | D:5      | Found a staircase to the Ecumenical Temple.
  6407 | D:5      | Reached skill level 8 in Shields
  6430 | Temple   | Entered the Ecumenical Temple
  6609 | D:5      | Found a transporter.
  6610 | D:5      | Found a transporter.
  6611 | D:5      | Noticed Descartes's ghost (novice TrWr)
  6849 | D:5      | Identified the +7 lajatang "Ryn Gazo" {venom, MP+9 Int+7
                  | Dex-3 Stlth-}
  7159 | D:6      | Noticed Menkaure
  7165 | D:6      | HP: 1/58 [Menkaure (22)]
  7166 | D:6      | Killed Menkaure
  7347 | D:6      | Found Gesaw's Jewellery Emporium.
  7430 | D:6      | Reached XP level 9. HP: 61/63 MP: 9/9
  7480 | D:5      | Reached skill level 9 in Shields
  7507 | D:6      | Found a burning altar of Makhleb.
  7507 | D:6      | Found a shimmering altar of Xom.
  7687 | D:6      | Reached skill level 5 in Maces & Flails
  7867 | D:6      | Learned a level 3 spell: Ignite Poison
  8026 | D:6      | Reached skill level 1 in Poison Magic
  8199 | D:6      | Reached skill level 10 in Shields
  8199 | D:6      | Reached skill level 1 in Fire Magic
  8339 | D:7      | Found a sparkling altar of Nemelex Xobeh.
  8356 | D:7      | Found Ostrathomm's Magic Scroll Emporium.
  8410 | D:7      | Reached XP level 10. HP: 61/70 MP: 10/10
  8546 | D:7      | Noticed a two-headed ogre
  8546 | D:7      | Noticed a two-headed ogre
  8547 | D:7      | Noticed a gargoyle
  8678 | D:6      | Killed a two-headed ogre
  8809 | D:6      | Killed a two-headed ogre
  8810 | D:6      | Reached skill level 11 in Shields
  8922 | D:7      | Got Fefoth's Codex of the Boreal Barrage
  9067 | D:7      | Noticed Dowan
  9069 | D:7      | Killed Dowan
  9149 | D:7      | Reached skill level 5 in Poison Magic
  9284 | D:7      | Killed a gargoyle
  9352 | D:7      | Found a white marble altar of Elyvilon.
  9413 | D:7      | Noticed Duvessa
  9432 | D:7      | Killed Duvessa
  9464 | D:7      | Found a bloodstained altar of Trog.
  9474 | D:7      | Found a shimmering blue altar of Sif Muna.
  9478 | D:7      | Got Sif Muna's Writings on Cloudy Filth
  9683 | D:7      | Noticed a brown ugly thing
  9697 | D:7      | Killed a brown ugly thing
  9698 | D:7      | Reached XP level 11. HP: 66/75 MP: 11/11
  9810 | D:7      | Mangled by a slime creature

Illustrated notes

Levels and vault maps discovered:
D:1:      dpeg_arrival_round_c, layout_rooms, serial_shops,
          nicolae_shop_behind_doors, hangedman_decor_growths
D:2:      layout_loops_ring, dreamdust_ecumenical_altar_angels_and_demons,
          chequers_serial_rivers_micro_a
D:3:      layout_basic, vehumet_crystals
D:4:      layout_loops_cross, grunt_dithmenos_smoke_and_mirrors,
          nicolae_ossuary_entry_ruins, mrwooster_statue_mirror, uniq_natasha
D:5:      layout_loops_ring, fedhas_ov_isle_minmay, minmay_temple_entry_statues,
          gammafunk_ghost_smash
D:6:      layout_loops_corners, grunt_temple_overflow_champion_of_chaos,
          serial_shops, shop, uniq_menkaure
D:7:      minmay_the_grid_square_5x5_3x3
          [minmay_the_grid_square_5x5_checkered_sparse,
          minmay_the_grid_square_5x5_comb,
          minmay_the_grid_square_5x5_doubleslash,
          minmay_the_grid_square_5x5_inner_z,
          minmay_the_grid_square_5x5_megaprize_checkered,
          minmay_the_grid_square_5x5_eight, minmay_the_grid_square_5x5_z,
          minmay_the_grid_square_5x5_forky, minmay_the_grid_square_5x5_c],
          layout_basic, nzn_overflow_gifts_of_might_and_magic,
          nemelex_spade_bored_becter, mainiacjoe_overflow_small_starburst,
          serial_shops, shop, serial_park_tiny_pond
Temple:   hellmonk_temple_flake

Skill      XL: |  1  2  3  4  5  6  7  8  9 10 11 |
---------------+----------------------------------+-----
Armour         | 4 5 6 7 8 9 |  9.8
Axes           | 3 4 |  4.9
Shields        | 5 6 7 8 10 11 | 11.6
Maces & Flails | 1 3 5 6 7 |  7.1
Poison Magic   | 2 5 |  5.0
Fire Magic     | 2 4 |  4.7
Fighting       | |  3.2

Action                   |  1- 3 |  4- 6 |  7- 9 | 10-12 || total
-------------------------+-------+-------+-------+-------++-------
Melee: War axe           |    80 |   122 |    43 |       ||   245
       Flail             |       |       |   179 |   130 ||   309
 Abil: Dig               |       |     1 |       |       ||     1
Evoke: Wand              |       |       |       |     8 ||     8
  Use: Potion            |       |     2 |       |       ||     2
 Stab: Paralysed         |       |       |       |     9 ||     9
Armor: Scale mail        |    26 |    50 |    19 |       ||    95
       Leather armour    |       |       |    18 |    16 ||    34
Dodge: Dodged            |    36 |    78 |   144 |    62 ||   320
Block: Buckler           |    23 |    37 |    74 |    86 ||   220
       Reflection        |       |       |       |     6 ||     6
